 Dungeon Crawl Stone Soup version 0.21-a0-496-g696f58f (webtiles) character file.

9694 tof the Cleaver (level 11, -5/148 HPs)
             Began as a Minotaur Berserker on Nov 23, 2017.
             Was a High Priest of Trog.
             Slain by a yak (13 damage)
             ... on level 10 of the Dungeon.
             The game lasted 00:24:17 (12017 turns).

tof the Cleaver (Minotaur Berserker)               Turns: 12017, Time: 00:24:18

Health: -5/148     AC:  8    Str: 28    XL:     11   Next: 26%
Magic:  11/11      EV: 16    Int:  4    God:    Trog [*****.]
Gold:   382        SH:  0    Dex: 12    Spells: 10/10 levels left

rFire    . . .     SeeInvis .   M - +2 battleaxe (curse)
rCold    . . .     Gourm    .   (shield currently unavailable)
rNeg     + . .     Faith    .   p - +0 ring mail
rPois    .         Spirit   .   (helmet restricted)
rElec    .         Reflect  .   i - scarf {cloud immunity}
rCorr    .         Harm     .   (no gloves)
MR       +....                  t - +0 pair of boots
Stlth    ..........             (no amulet)
HPRegen  0.74/turn              H - ring of protection from magic
MPRegen  0.12/turn              o - ring of positive energy

@: berserking, very quick
A: retaliatory headbutt, hooves 1, horns 2, high mp 1, regeneration 1
a: Berserk, Trog's Hand, Brothers in Arms, Burn Spellbooks, Renounce Religion


You were on level 10 of the Dungeon.
You worshipped Trog.
Trog was extremely pleased with you.
You were hungry.

You visited 1 branch of the dungeon, and saw 10 of its levels.
You also visited: Ossuary and Bailey.

You collected 382 gold pieces.

Inventory:

Hand Weapons
 a - a +0 war axe
 b - a +0 hand axe
 M - a cursed +2 battleaxe (weapon)
Missiles
 j - 6 tomahawks (quivered)
 n - a throwing net
Armour
 i - a scarf of cloud immunity (worn)
 p - a +0 ring mail (worn)
 t - a +0 pair of boots (worn)
Jewellery
 g - an uncursed ring of flight
 o - a ring of positive energy (right hand)
 D - an uncursed ring of protection from cold
 H - a ring of protection from magic (left hand)
Wands
 w - a wand of flame (36)
 G - a wand of random effects (11)
 K - a wand of polymorph (19)
 N - a wand of digging (16)
Scrolls
 e - 9 scrolls of teleportation
 l - a scroll of enchant armour
 q - 4 scrolls of magic mapping
 u - 2 scrolls of enchant weapon
 v - 2 scrolls of remove curse
 y - 2 scrolls of fog
 L - a scroll of blinking
 P - a scroll of fear
Potions
 d - 9 potions of curing {unknown}
 h - 4 potions of lignification {unknown}
 k - a potion of magic {unknown}
 m - 3 potions of degeneration {unknown}
 s - a potion of cancellation {unknown}
 x - 3 potions of ambrosia {unknown}
 z - 3 potions of heal wounds {unknown}
 A - 2 potions of flight {unknown}
 B - a potion of resistance {unknown}
 C - 2 potions of might {unknown}
 I - a potion of agility {unknown}
 J - a potion of experience {unknown}
Comestibles
 c - 10 bread rations
 f - 10 fruits
 r - 7 royal jellies
 E - 2 meat rations
 F - a chunk of flesh


   Skills:
 + Level 10.1 Fighting
 * Level 13.4 Axes
 + Level 9.8 Armour
 + Level 9.1 Dodging


You had 10 spell levels left.
You didn't know any spells.

Dungeon Overview and Level Annotations

Branches:
Dungeon (10/15)            Temple (0/1) D:4            Lair (0/6) D:9
    Orc (0/2) D:9

Altars:
Elyvilon
Kikubaaqudgha
Makhleb
Nemelex Xobeh
Okawaru
Uskayaw
Wu Jian
Xom

Shops:
D:6 =   D:8 =


Innate Abilities, Weirdness & Mutations

You reflexively headbutt those who attack you in melee.
You have a pair of horns on your head.
You have large cloven feet.
You have an increased reservoir of magic. (+10% MP)
Your natural rate of healing is unusually fast.


Message History

* * * LOW HITPOINT WARNING * * *
The yak gores you.
* * * LOW HITPOINT WARNING * * *
You hit the yak.
The yak is heavily wounded.
You hit the yak. x2; You hit the yak but do no damage.
The yak barely misses you. The yak gores you.
* * * LOW HITPOINT WARNING * * *
The yak completely misses you.
You are too berserk!
You are too berserk!
You slash the yak! You headbutt the yak!
You kill the yak!
Trog accepts your kill.
You slash the yak! You closely miss the yak.
Your ring mail prevents you from hitting the yak.
The yak gores you.
* * * LOW HITPOINT WARNING * * *
The yak completely misses you. The yak gores you!
You die...

............# #..#
............# #..#
#.........# #..#
+.........# #..#
#.........## #..#
#####.$........... #
#................. #
#'#...Y..............
......Y@.............
......†Y.............
....................
.................##
.................#
.....#########...
..... ## .....


You could see 3 yaks.

Vanquished Creatures
  A centaur warrior (D:9)
  3 two-headed ogres
  The ghost of sagitran the Ogre Mage, a novice OgWz of Okawaru (D:6)
  Pikel (D:6)
  Prince Ribbit (D:7)
  A hippogriff (D:8)
  7 yaks
  A wyvern (D:9)
  3 hogs (D:9)
  A human (D:9)
  2 porcupines (D:9)
  A sky beast (D:9)
  3 ice beasts
  2 phantoms
  2 slaves (D:6)
  A necrophage (D:10)
  3 orc warriors (D:8)
  2 ogres (D:7)
  A centaur (D:8)
  2 crocodiles (D:9)
  A big kobold (D:4)
  Blork the orc (D:6)
  5 bullfrogs
  A wyvern zombie (D:10)
  A water moccasin zombie (Ossuary)
  3 scorpions
  A jelly (D:8)
  5 wights (D:9)
  A howler monkey (D:6)
  6 crimson imps
  A centaur zombie (Ossuary)
  A quasit (D:9)
  4 bullfrog zombies
  8 hounds
  2 orc priests
  2 centaur skeletons
  An iguana (D:9)
  6 orc wizards
  7 worker ants
  A killer bee zombie (Ossuary)
  2 hound zombies
  A hound skeleton (D:6)
  5 worker ant zombies
  15 mummies (Ossuary)
  4 gnolls (D:2)
  7 adders
  An ooze (D:1)
  3 adder zombies (Ossuary)
  2 worms (D:2)
  4 dart slugs
  4 leopard geckos
  22 orcs
  3 ball pythons
  3 giant cockroaches
  8 goblins
  2 hobgoblins (D:1)
  9 jackals
  28 kobolds
  3 quokkas
  10 bats
  6 frilled lizards
  A jackal zombie (Ossuary)
  3 leopard gecko skeletons
  A leopard gecko zombie (D:6)
  2 quokka zombies (Ossuary)
  3 rats
  A rat zombie (D:4)
  5 plants (D:4)
255 creatures vanquished.

Vanquished Creatures (others)
  2 slaves (D:6)
  An orc (D:8)
  31 fungi (D:9)
  2 plants (D:9)
  2 withered plants (Ossuary)
38 creatures vanquished.

Grand Total: 293 creatures vanquished

Notes
Turn   | Place    | Note
-------+----------+-------------------------------------------
     0 | D:1      | tof the Minotaur Berserker began the quest for the Orb.
     0 | D:1      | Reached XP level 1. HP: 19/19 MP: 0/0
   137 | D:1      | Reached XP level 2. HP: 15/27 MP: 1/1
   155 | D:1      | Reached skill level 4 in Axes
  1156 | D:2      | Reached XP level 3. HP: 33/33 MP: 2/2
  1329 | D:2      | Reached ** piety under Trog
  1577 | D:2      | Reached XP level 4. HP: 34/40 MP: 3/3
  1810 | D:2      | Reached skill level 5 in Axes
  2658 | D:3      | Found a shimmering altar of Xom.
  2658 | D:3      | Found an ornate altar of the Wu Jian Council.
  3069 | D:3      | Reached XP level 5. HP: 42/47 MP: 4/4
  3452 | D:4      | Reached *** piety under Trog
  3463 | D:4      | Reached XP level 6. HP: 53/53 MP: 5/5
  3570 | D:4      | Found a sand-covered staircase.
  3603 | Ossuary  | Entered an ossuary
  3673 | Ossuary  | Reached skill level 6 in Axes
  3695 | Ossuary  | Reached skill level 5 in Fighting
  3877 | Ossuary  | Reached XP level 7. HP: 39/61 MP: 6/6
  4026 | Ossuary  | Reached **** piety under Trog
  4060 | Ossuary  | Reached skill level 7 in Axes
  4426 | Ossuary  | Reached skill level 5 in Armour
  4997 | D:4      | Found a staircase to the Ecumenical Temple.
  5393 | D:5      | Entered Level 5 of the Dungeon
  5424 | D:5      | Reached skill level 5 in Dodging
  6005 | D:5      | Reached skill level 8 in Axes
  6005 | D:5      | Reached XP level 8. HP: 69/70 MP: 7/7
  6103 | D:6      | Received a gift from Trog
  6153 | D:6      | Found Hutait's Jewellery Shoppe.
  6414 | D:6      | Found an iron altar of Okawaru.
  6531 | D:6      | Noticed Pikel
  6537 | D:6      | Noticed sagitran's ghost (novice OgWz)
  6561 | D:6      | Killed Pikel
  6561 | D:6      | Reached skill level 9 in Axes
  6597 | D:6      | Killed sagitran's ghost
  6597 | D:6      | Reached XP level 9. HP: 67/79 MP: 6/8
  6735 | D:6      | Noticed Blork the orc
  6741 | D:6      | Killed Blork the orc
  7020 | D:7      | Reached skill level 10 in Axes
  7321 | D:7      | Found a burning altar of Makhleb.
  7323 | D:7      | Found a hide-covered altar of Uskayaw.
  7376 | D:7      | Found a sparkling altar of Nemelex Xobeh.
  7481 | D:7      | Found an ancient bone altar of Kikubaaqudgha.
  7486 | D:7      | Noticed Prince Ribbit
  7497 | D:7      | Killed Prince Ribbit
  8151 | D:8      | Found Tiamitru's Jewellery Emporium.
  8179 | D:8      | Noticed a two-headed ogre
  8189 | D:8      | Killed a two-headed ogre
  8189 | D:8      | Reached skill level 11 in Axes
  8189 | D:8      | Reached XP level 10. HP: 17/90 MP: 9/9
  8431 | D:8      | Found a flagged portal.
  8445 | Bailey   | Entered a bailey
  8448 | Bailey   | Noticed Thaneod's ghost (novice MiBe)
  9799 | D:9      | Noticed a two-headed ogre
  9804 | D:9      | Killed a two-headed ogre
  9804 | D:9      | Reached skill level 12 in Axes
  9864 | D:9      | Found a staircase to the Orcish Mines.
  9937 | D:9      | Noticed a centaur warrior
 10343 | D:9      | Gained mutation: Your muscles are strong. (Str +2) [mutagenic meat]
 10344 | D:9      | Gained mutation: You are agile. (Dex +2) [mutagenic meat]
 10345 | D:9      | Lost mutation: You are agile. (Dex +2) [mutagenic meat]
 10346 | D:9      | Gained mutation: You are somewhat resistant to further mutation. [mutagenic meat]
 10521 | D:9      | Found a staircase to the Lair.
 10678 | D:9      | Found a white marble altar of Elyvilon.
 10892 | D:9      | Killed a centaur warrior
 11451 | D:9      | Reached skill level 13 in Axes
 11451 | D:9      | Reached XP level 11. HP: 87/99 MP: 10/10
 11578 | D:10     | Entered Level 10 of the Dungeon
 11612 | D:10     | Noticed a two-headed ogre
 11621 | D:10     | Killed a two-headed ogre
 11621 | D:10     | Reached skill level 10 in Fighting
 11893 | D:10     | Lost mutation: Your muscles are strong. (Str +2) [potion of mutation]
 11893 | D:10     | Lost mutation: You are somewhat resistant to further mutation. [potion of mutation]
 11893 | D:10     | Gained mutation: Your natural rate of healing is unusually fast. [potion of mutation]
 11893 | D:10     | Gained mutation: You have an increased reservoir of magic. (+10% MP) [potion of mutation]
 11893 | D:10     | Gained mutation: You have large cloven feet. [potion of mutation]
 12012 | D:10     | Reached ***** piety under Trog
 12012 | D:10     | Received a gift from Trog
 12017 | D:10     | Slain by a yak

Vault maps used:
D:1:      elethiomel_arrival_infinity_welcomes_careful_drivers
D:2:      first_bread
D:3:      gammafunk_temple_overflow_wave
D:4:      kennysheep_kobold_camp, minmay_temple_entry_glassed_door,
          serial_glass, glass_columns_b, glass_columns_a, enter_ossuary_3
D:6:      okawaru_ov_weapons_minmay, serial_shops, shop, uniq_pikel,
          uniq_blork_the_orc
D:7:      grunt_temple_overflow_open, lemuel_crystal_altar,
          nicolae_overflow_hidden_temple, uniq_prince_ribbit1
D:8:      serial_shops, nicolae_shop_stone, enter_bailey_2
D:9:      overflow_temple_1_default, due_lair_maze_entry_diamond, orc_0_dummy,
          grunt_livestock
D:10:     lemuel_reptile_caves, uniq_maurice
Ossuary:  ossuary_zaba_flooded
Bailey:   bailey_polearm_flooded_kennysheep, bailey

Skill      XL: |  1  2  3  4  5  6  7  8  9 10 11 |
---------------+----------------------------------+-----
Axes           | 4 5 6 8 9 11 13 | 13.4
Fighting       | 4 5 6 7 8 9 10 | 10.1
Armour         | 3 4 5 6 8 9 |  9.8
Dodging        | 3 4 5 6 7 8 9 |  9.1

Action                   |  1- 3 |  4- 6 |  7- 9 | 10-12 || total
-------------------------+-------+-------+-------+-------++-------
Melee: Hand axe          |    63 |   167 |   383 |    78 ||   691
       Headbutt          |    11 |    29 |   109 |    42 ||   191
       Battleaxe         |       |       |       |   110 ||   110
       War axe           |       |       |       |    44 ||    44
Throw: Tomahawk          |       |       |    12 |       ||    12
Invok: Berserk           |       |     2 |     3 |     3 ||     8
       Trog's Hand       |       |       |     3 |     1 ||     4
  Use: Scroll            |       |       |    11 |     5 ||    16
       Potion            |       |       |       |     1 ||     1
 Stab: Distracted        |       |     1 |       |       ||     1
  Eat: Chunk             |     2 |     9 |     6 |    17 ||    34
       Bread ration      |       |       |     3 |       ||     3
Armor: Animal skin       |    16 |     3 |       |       ||    19
       Ring mail         |       |    44 |    62 |    45 ||   151
Dodge: Dodged            |    48 |    84 |   126 |   169 ||   427

Table legend:
 A = Spawn XP
 B = Non-spawn XP
 C = Spawn XP percentage of total XP
 D = Spawn monster count
 E = Non-spawn monster count
 F = Spawn count percentage of total count
 G = Total turns spent on level
                    A         B        C        D         E        F      G
               +---------+---------+-------+---------+---------+-------+---------
         Total |       0 |   13849 |   0.0 |       0 |     248 |   0.0 | 12017
               +---------+---------+-------+---------+---------+-------+---------
           D:1 |       0 |      39 |   0.0 |       0 |      21 |   0.0 |  1154
           D:2 |       0 |     132 |   0.0 |       0 |      29 |   0.0 |  1098
           D:3 |       0 |      27 |   0.0 |       0 |      13 |   0.0 |   954
           D:4 |       0 |     343 |   0.0 |       0 |      34 |   0.0 |  1021
           D:5 |       0 |     223 |   0.0 |       0 |       9 |   0.0 |   695
           D:6 |       0 |    1628 |   0.0 |       0 |      19 |   0.0 |   910
           D:7 |       0 |     943 |   0.0 |       0 |      13 |   0.0 |   834
           D:8 |       0 |    2349 |   0.0 |       0 |      28 |   0.0 |  1947
           D:9 |       0 |    5473 |   0.0 |       0 |      36 |   0.0 |  1794
          D:10 |       0 |    1902 |   0.0 |       0 |      16 |   0.0 |   439
       Ossuary |       0 |     790 |   0.0 |       0 |      30 |   0.0 |  1166
               +---------+---------+-------+---------+---------+-------+---------
